 Dungeon Crawl Stone Soup version 0.21.1-1-g345015f (webtiles) character file.

578 kae the Insei (level 7, 0/45 HPs)
             Began as an Octopode Transmuter on May 26, 2018.
             Was an Initiate of Cheibriados.
             Slain by kae's ghost (5 damage)
             ... on level 5 of the Dungeon.
             The game lasted 00:06:35 (4659 turns).

kae the Insei (Octopode Transmuter)                 Turns: 4659, Time: 00:06:36

Health: 0/45       AC:  1    Str: 11    XL:     7   Next: 35%
Magic:  11/11      EV: 14    Int: 16    God:    Cheibriados [......]
Gold:   152        SH:  0    Dex: 15    Spells: 6/12 levels left

rFire    . . .     SeeInvis .     - Unarmed
rCold    . . .     Gourm    +   (no shield)
rNeg     . . .     Faith    .   (helmet restricted)
rPois    +         Spirit   .   e - amulet of the gourmand
rElec    .         Reflect  .   j - ring of flight
rCorr    .         Harm     .   p - ring of poison resistance
MR       .....                  (no ring)
Stlth    ++........             (no ring)
HPRegen  0.15/turn              (no ring)
MPRegen  0.12/turn              (no ring)
                                (no ring)
                                (no ring)

@: very slow
A: almost no armour, stealthy swim, amphibious, 8 rings, constrict 8, camouflage
1, gelatinous body 1
a: Bend Time, Renounce Religion, Evoke Flight


You were on level 5 of the Dungeon.
You worshipped Cheibriados.
Cheibriados was noncommittal.
You were very full.

You visited 2 branches of the dungeon, and saw 6 of its levels.

You collected 152 gold pieces.

Inventory:

Missiles
 a - 18 arrows
Jewellery
 e - an amulet of the gourmand (around mantle)
 j - a ring of flight (left tentacle)
 p - a ring of poison resistance (right tentacle)
Scrolls
 h - 4 scrolls of remove curse
 k - a scroll of amnesia
 m - a scroll of enchant weapon
 q - 3 scrolls of identify
Potions
 d - a potion of lignification
 f - a potion of curing
 g - a potion of haste
 i - a potion of brilliance
 l - 3 potions of heal wounds {unknown}
 o - a potion of mutation {unknown}
 s - a potion of might {unknown}
Books
 b - a book of Changes

   Spells                             Type                      Level
   a - Beastly Appendage              Transmutation                1
   b - Sticks to Snakes               Transmutation                2
   c - Spider Form                    Transmutation/Poison         3
   d - Ice Form                       Ice/Transmutation            4
   e - Blade Hands                    Transmutation                5
 n - a book of Minor Magic

   Spells                             Type                      Level
   a - Magic Dart                     Conjuration                  1
   b - Blink                          Translocation                2
   c - Call Imp                       Summoning                    2
   d - Slow                           Hexes                        2
   e - Conjure Flame                  Conjuration/Fire             3
   f - Mephitic Cloud                 Conjuration/Poison/Air       3
Comestibles
 c - 12 rations


   Skills:
 + Level 2.9 Fighting
 + Level 3.3 Dodging
 * Level 4.9 Unarmed Combat
 + Level 3.2 Spellcasting
 * Level 4.6 Transmutations


You had 6 spell levels left.
You knew the following spells:

 Your Spells              Type           Power        Failure   Level  Hunger
a - Beastly Appendage     Tmut           ###...       2%          1    None
b - Sticks to Snakes      Tmut           ###.....     4%          2    ##.....
c - Spider Form           Tmut/Pois      #.........   22%         3    ###....


Dungeon Overview and Level Annotations

Branches:
Dungeon (5/15)             Temple (1/1) D:5

Altars:
Cheibriados
Dithmenos
Hepliaklqana
Okawaru
Sif Muna
Xom

Annotations:
D:3 kae's ghost, amateur OpTm
D:5 kae's ghost, novice OpTm


Innate Abilities, Weirdness & Mutations

You cannot wear most types of armour.
You are very stealthy in the water. (Stealth+)
You are amphibious.
You can wear up to eight rings at the same time.
You can use your tentacles to constrict eight enemies at once.
Your skin changes colour to match your surroundings (Stealth+).
Your rubbery body absorbs attacks. (AC +1, EV +1)


Message History

Cheibriados thoroughly appreciates the change of pace.
Your transformation is almost over.
Kae's ghost (novice Octopode Transmuter) comes into view.
Found a triangular bronze amulet.
Okay, then.
Unknown command.
Okay, then.
The phantom hits you!
* * * LOW HITPOINT WARNING * * *
Kae's ghost turns its malevolent gaze towards you.
Okay, then.
Okay, then.
Kae's ghost whispers, "Everlasting silence awaits you..."
The phantom blinks!
The phantom completely misses you.
Okay, then.
Your tentacle spike disappears.
The phantom blinks!
Kae's ghost hits you.
You die...

# ..#.......).......# #.
#.#..#.#..#.#..##.#
"####.###.#............# .#
..........##.####......##.# #
#......####.#.......# #.
##.#.##§.....###...###
####.##.........#### #...#####
......)..#.##W#.# #........
.........#.##@#.######...#####
......†....##..#..............
..............###.............
.......###.###.#..............
....... #.# ##.####.#<..#.###
....... ... ### #.#........
####### .#.#. #.#...#.###
.##.... #.#...#.# ## ### ##
#...... #


You could see kae's ghost.

Vanquished Creatures
  An ice beast (D:5)
  An ogre (D:4)
  2 crimson imps (D:5)
  3 orc priests (D:4)
  A bullfrog skeleton (D:5)
  An orc wizard (D:4)
  2 worker ants
  4 adders
  2 oozes
  5 worms
  3 dart slugs (D:1)
  3 leopard geckos
  2 orcs (D:4)
  4 giant cockroaches
  10 goblins
  8 hobgoblins
  10 jackals
  7 kobolds
  A ball python (D:2)
  7 bats
  7 frilled lizards
  9 rats
93 creatures vanquished.

Vanquished Creatures (collateral kills)
  An orc (D:4)
1 creature vanquished.

Grand Total: 94 creatures vanquished

Notes
Turn   | Place    | Note
-------+----------+-------------------------------------------
     0 | D:1      | kae the Octopode Transmuter began the quest for the Orb.
     0 | D:1      | Reached XP level 1. HP: 13/13 MP: 3/3
    80 | D:1      | Reached XP level 2. HP: 18/18 MP: 5/5
   405 | D:1      | Reached XP level 3. HP: 18/23 MP: 6/6
  1157 | D:2      | Reached XP level 4. HP: 28/28 MP: 4/7
  1310 | D:2      | Found a shadowy altar of Dithmenos.
  1491 | D:2      | Found a shimmering altar of Xom.
  2117 | D:2      | Found a deep blue altar of Sif Muna.
  2206 | D:2      | Learned a level 2 spell: Sticks to Snakes
  2210 | D:2      | Learned a level 3 spell: Spider Form
  2359 | D:3      | Reached XP level 5. HP: 30/34 MP: 8/8
  2442 | D:3      | Found an iron altar of Okawaru.
  2522 | D:3      | Noticed kae's ghost (amateur OpTm)
  3543 | D:4      | Noticed an ogre
  3693 | D:4      | Killed an ogre
  3693 | D:4      | Reached XP level 6. HP: 32/40 MP: 1/10
  4303 | D:5      | Entered Level 5 of the Dungeon
  4334 | D:5      | Reached XP level 7. HP: 20/45 MP: 9/11
  4462 | D:5      | Found a staircase to the Ecumenical Temple.
  4468 | Temple   | Entered the Ecumenical Temple
  4512 | Temple   | Became a worshipper of Cheibriados the Contemplative
  4653 | D:5      | Noticed kae's ghost (novice OpTm)
  4659 | D:5      | Slain by kae's ghost

Skill      XL: |  1  2  3  4  5  6 |
---------------+-------------------+-----
Transmutations | 3 4 |  4.6
Fighting       | 2 |  2.9
Unarmed Combat | 4 |  4.9
Dodging        | 3 |  3.3
Spellcasting   | 3 |  3.2

Action                   |  1- 3 |  4- 6 |  7- 9 || total
-------------------------+-------+-------+-------++-------
Melee: Unarmed           |    75 |   134 |    23 ||   232
       Constrict         |    18 |    33 |     3 ||    54
       Tentacles         |     8 |    18 |     5 ||    31
       Kick              |     4 |    22 |     5 ||    31
       Punch             |     1 |     3 |     2 ||     6
 Cast: Beastly Appendage |     6 |    19 |     3 ||    28
       Sticks to Snakes  |       |     5 |       ||     5
       Spider Form       |       |     2 |       ||     2
  Use: Scroll            |     1 |     4 |     5 ||    10
       Potion            |       |     5 |     1 ||     6
 Stab: Sleeping          |     6 |     3 |     1 ||    10
  Eat: Chunk             |     1 |    23 |     1 ||    25
Armor: Skin              |     3 |    33 |     3 ||    39
Dodge: Dodged            |    33 |    84 |    14 ||   131
